 Dungeon Crawl Stone Soup version 0.29.1-15-g9cfb28693d (webtiles) character file.

Game seed: 10381967865153307268

52 Jaenfiosewa the Caller (level 3, -4/15 HPs)
             Began as a Felid Summoner on Dec 16, 2023.
             Slain by a black bear (7 damage)
             ... on level 4 of the Dungeon on Dec 17, 2023.
             The game lasted 00:21:12 (4024 turns).

Jaenfiosewa the Caller (Felid Summoner)             Turns: 4024, Time: 00:21:13

Health: -4/15      AC:  1    Str:  4    XL:     3   Next: 60%
Magic:  1/8        EV: 17    Int: 18    God:
Gold:   136        SH:  0    Dex: 16    Spells: 1/8 levels left
                                        Lives:  0   Deaths: 1

rFire   . . .      SeeInvis +   (weapon unavailable)
rCold   . . .      Faith    .   (shield unavailable)
rNeg    . . .      Spirit   .   (body armour unavailable)
rPois   .          Reflect  .   (helmet unavailable)
rElec   .          Harm     .   (cloak unavailable)
rCorr   .          Rampage  .   (gloves unavailable)
Will    .....                   (boots unavailable)
Stlth   ++........              (no amulet)
HPRegen 0.05/turn               (no ring)
MPRegen 0.11/turn               (no ring)

@: very slightly contaminated, quick
A: very small, claws 1, fangs 3, see invisible, speed 1, shaggy fur 1, stealthy
paws, no weapons or thrown items, no armour, multi-lived
a: no special abilities


You were on level 4 of the Dungeon.
You visited 1 branch of the dungeon, and saw 4 of its levels.

You collected 136 gold pieces.

Inventory:

Scrolls
 b - a scroll of enchant weapon {unknown}
 c - a scroll of blinking {unknown}
 d - a scroll of vulnerability {unknown}
 i - a scroll of fear {unknown}
 j - a scroll of teleportation
 k - a scroll of amnesia
 l - a scroll of identify {unknown}
 m - a scroll of poison {unknown}
Potions
 a - a potion of magic
 e - a potion of mutation {unknown}
 f - 2 potions of experience {unknown}
 g - a potion of degeneration {unknown}
 h - 3 potions of flight {unknown}
 n - a potion of invisibility {unknown}


   Skills:
 + Level 0.6 Fighting
 + Level 2.9 Dodging
 - Level 2.6 Stealth
 + Level 3.3 Spellcasting
 + Level 1.0 Hexes
 + Level 4.9 Summonings


You had one spell level left.
You knew the following spells:

 Your Spells              Type           Power      Damage    Failure   Level
a - Summon Small Mammal   Summ           80%        N/A       1%          1
b - Summon Guardian Gole  Hex/Summ       13%        N/A       14%         3
c - Call Canine Familiar  Summ           20%        N/A       6%          3

Your spell library contained the following spells:

 Spells                   Type           Power      Damage    Failure   Level
 Sting                    Tmut/Pois      8%         1d3       16%         1
 Call Imp                 Summ           20%        N/A       3%          2
 Poisonous Vapours        Pois/Air       4%         N/A       24%         2
 Summon Lightning Spire   Summ/Air       11%        N/A       50%         4
 Olgreb's Toxic Radiance  Pois           2%         N/A       85%         4


Dungeon Overview and Level Annotations

Branches:
Dungeon (4/15)
 Temple: D:4-7

Altars:

Shops:
D:1 [

Annotations:
D:2 Sigmund
D:3 1 runed translucent door, exclusions: orc priest and orc wizard, Crazy Yiuf


Innate Abilities, Weirdness & Mutations

You have sharp claws.
You have razor-sharp teeth.
You have supernaturally acute eyesight. (SInv)
You cover ground quickly. (Speed+)
You are covered in fur. (AC +1)
Your paws help you pounce on unaware monsters.
You are incapable of wielding weapons or throwing items.
You cannot wear armour.
You gain extra lives every three experience levels.


Message History

Your hound barely misses the black bear.
The black bear bites your hound.
Your hound dies!
Your hound's corpse disappears in a puff of smoke!
Casting: Call Canine Familiar (extremely dangerous; 6% risk of failure)
Confirm with . or Enter, or press ? or * to list all spells.
Your hound bites the black bear but does no damage.
The black bear bites your hound!
The black bear claws your hound but does no damage.
The black bear claws your hound.
Your hound bites the black bear.
Your hound barely misses the black bear.
The black bear misses your hound.
The black bear completely misses your hound.
The black bear claws your hound.
Your hound barely misses the black bear.
The black bear closely misses your hound.
The black bear misses your hound. The black bear claws your hound.
Your hound bites the black bear but does no damage.
Your hound bites the black bear.
The black bear goes berserk!
Your hound bites the black bear.
The black bear completely misses your hound.
The black bear claws your hound but does no damage.
The black bear claws your hound.
Your hound barely misses the black bear.
The black bear bites your hound. The black bear claws your hound.
Your hound dies!
Your hound's corpse disappears in a puff of smoke!
The black bear rages.
Casting: Call Canine Familiar (extremely dangerous; 6% risk of failure)
Confirm with . or Enter, or press ? or * to list all spells.
You miscast Call Canine Familiar.
You are very lightly contaminated with residual magic.
Nothing appears to happen.
The black bear barely misses you. The black bear closely misses you.
The black bear barely misses you. The black bear bites you!
Ouch! That really hurt!
* * * LOW HITPOINT WARNING * * *
The black bear claws you!
You die...

...
######...
#^.......
#....)..
#.....#
#.....#
#.....#
#@..ยง?#
#.h...#
#....<#
#######


You could see a black bear (berserk).

Vanquished Creatures
  A quokka (D:2)
  4 bats
  A rat (D:2)
6 creatures vanquished.

Vanquished Creatures (collateral kills)
  4 adders
  3 worms
  2 dart slugs
  7 orcs (D:3)
  4 endoplasms
  3 giant cockroaches
  3 goblins
  A hobgoblin (D:3)
  4 jackals (D:2)
  3 kobolds
  4 ball pythons
  3 bats
  3 frilled lizards
  4 rats
48 creatures vanquished.

Grand Total: 54 creatures vanquished

Notes
Turn   | Place    | Note
-------+----------+-------------------------------------------
     0 | D:1      | Jaenfiosewa the Felid Summoner began the quest for the Orb.
     0 | D:1      | Reached XP level 1. HP: 7/7 MP: 4/4
   182 | D:1      | Found a faded altar of an unknown god.
   425 | D:1      | Reached XP level 2. HP: 11/11 MP: 3/6
   454 | D:1      | Found Lexzolla's Antique Armour Shop.
   459 | D:1      | Learned a level 2 spell: Call Imp
  1283 | D:2      | Identified the +4 flail of Rotation {protect, rF++ Will+}
  1340 | D:2      | Noticed Sigmund
  1393 | D:2      | Reached XP level 3. HP: 14/14 MP: 5/8
  1397 | D:2      | Learned a level 3 spell: Call Canine Familiar
  2519 | D:3      | Reached XP level 4. HP: 18/18 MP: 1/9
  2927 | D:3      | Found a runed translucent door.
  2928 | D:3      | Noticed Crazy Yiuf
  3391 | D:3      | Reached skill level 1 in Hexes
  3441 | D:3      | Killed from afar by an orc priest
  3442 | D:3      | Reached XP level 3. HP: -1/15 MP: 1/8
  3880 | D:3      | Learned a level 3 spell: Summon Guardian Golem
  4003 | D:4      | Noticed a black bear
  4024 | D:4      | Slain by a black bear

Illustrated notes

Levels and vault maps discovered:
D:1:      enne_arrival_octagon_isle, layout_loops_cross, serial_shops, shop,
          shapermc_ecumenical_altar_pompeii
D:2:      layout_loops_corners, kennysheep_generic_room_14, uniq_sigmund
D:3:      layout_basic, minmay_surrounded, uniq_crazy_yiuf_cottage
D:4:      layout_rooms, enter_ossuary_3, minmay_box_of_dots, uniq_ijyb

Skill      XL: |  1  2  3  4 |
---------------+-------------+-----
Spellcasting   | 3 |  3.3
Hexes          | 1 |  1.0
Fighting       | |  0.6
Dodging        | |  2.9
Stealth        | |  2.6
Summonings     | |  4.9

Action                   |  1- 3 |  4- 6 || total
-------------------------+-------+-------++-------
Melee: Unarmed           |    17 |       ||    17
 Cast: Summon Small Mamm |    42 |       ||    42
       Call Imp          |     2 |       ||     2
       Call Canine Famil |    11 |     9 ||    20
  Use: Scroll            |     2 |       ||     2
 Stab: Sleeping          |     1 |       ||     1
Armor: Skin              |     7 |       ||     7
Dodge: Dodged            |    45 |     5 ||    50
